Map: Fracture LE

Players

WASO - Winner!

  • Race: Zerg Zerg
  • League: Diamond
  • Spawn Location: 11:00

Apoptosis

  • Race: Zerg Zerg
  • League: Diamond
  • Spawn Location: 5:00

VOD

Have the link to the VOD?

Description

Time

  • Played on: Sept. 7, 2018, 4:26 a.m.
  • Length: 5:51
Show
View Real Time Build Order
Export as new Build Order

WASO Zerg - Winner!

Build Orders: Pool First, Zergling Baneling 

Get SALT Encoding   

  12  0:00  Drone  
  13  0:12  Overlord  
  13  0:16  Drone  
  14  0:31  Drone x2  
  14  0:34  Drone  
  14  0:35  Extractor  
  16  0:45  Drone  
  17  0:51  Spawning Pool  
  17  0:56  Drone  
  17  1:20  Hatchery  
  16  1:37  Zergling x6  
  16  1:38  Metabolic Boost  
  19  1:49  Zergling x2  
  19  1:53  Queen  
  22  2:02  Overlord  
  22  2:12  Baneling Nest  
  22  2:13  Drone  
  22  2:20  Drone  
  23  2:33  Zergling x2  
  23  2:34  Zergling x2  
  23  2:48  Zergling x4  
  23  2:49  Queen  
  27  3:03  Baneling x4  
  27  3:04  Baneling  
  27  3:06  Zergling x8  
  31  3:15  Drone x2  
  33  3:25  Drone x2  
  32  3:49  Zergling x2  
  32  3:50  Zergling x2  
  32  3:51  Zergling x4  
  34  3:58  Zergling x4  
  34  4:01  Overlord x2  
  34  4:02  Overlord  
  35  4:06  Overlord  
  35  4:16  Baneling  
  35  4:17  Baneling x4  
  35  4:19  Overlord  
  35  4:20  Drone  
  35  4:24  Zergling x4  
  30  4:58  Zergling x22  
  40  5:04  Zergling x2  
  39  5:12  Zergling x2  
  40  5:14  Baneling x2  
  40  5:17  Zergling x4  
  42  5:28  Drone  
  43  5:42  Hatchery  
Show
View Real Time Build Order
Export as new Build Order

Apoptosis Zerg 

Build Orders: Hatch First 

Get SALT Encoding   

  12  0:01  Drone  
  13  0:12  Overlord  
  13  0:16  Drone  
  14  0:31  Drone x2  
  14  0:34  Drone  
  17  0:53  Hatchery  
  17  0:55  Drone  
  17  0:59  Drone  
  18  1:09  Extractor  
  17  1:14  Spawning Pool  
  17  1:17  Drone  
  17  1:20  Drone  
  18  1:28  Drone  
  19  1:43  Overlord  
  19  1:53  Drone  
  20  2:01  Queen  
  20  2:02  Zergling x2  
  20  2:05  Zergling x2, Queen  
  26  2:11  Zergling x2  
  27  2:16  Metabolic Boost  
  27  2:17  Zergling x2  
  28  2:25  Zergling x2  
  29  2:32  Zergling x2  
  25  2:45  Zergling x6  
  25  2:50  Baneling Nest  
  27  2:57  Zergling x4  
  29  3:04  Drone  
  30  3:14  Drone x3  
  30  3:15  Zergling x6  
  36  3:27  Overlord x2  
  25  3:49  Drone  
  25  3:51  Zergling x12  
  25  3:52  Zergling x2  
  27  4:10  Baneling x5  
  27  4:11  Baneling x2  
  26  4:23  Queen  
  24  4:59  Zergling x8  
  24  5:22  Drone x4  
  24  5:27  Evolution Chamber  
  24  5:28  Evolution Chamber, Roach Warren  
  26  5:29  Baneling  
Tags
 
Add a new tag
Caveats
  • Supply blocks, unpowered buildings, or Contaminate may cause inaccurate times.
  • Supply counts are checked every 10 seconds.